 Dungeon Crawl Stone Soup version 0.28-a0-1038-g9c4cb8273d (webtiles) character file.

Game seed: 8463609703239861538

1374 GregHouse the Cleaver (level 8, -17/71 HPs)
             Began as a Hill Orc Monk on Dec 8, 2021.
             Was a Believer of Beogh.
             Demolished by a white ugly thing (27 damage)
             ... on level 6 of the Dungeon.
             The game lasted 00:29:17 (6558 turns).

GregHouse the Cleaver (Hill Orc Monk)               Turns: 6558, Time: 00:29:18

Health: -17/71     AC: 21    Str: 20    XL:     8   Next: 66%
Magic:  8/8        EV:  4    Int: 10    God:    Beogh [**....]
Gold:   301        SH:  9    Dex: 13    Spells: 7/7 levels left

rFire   . . .      SeeInvis .   b - +2 war axe (flame)
rCold   . . .      Faith    .   n - +0 kite shield
rNeg    . . .      Spirit   .   v - +1 plate armour of Atwuinok {Rampage Str+4}
rPois   .          Reflect  .   y - +0 helmet
rElec   .          Harm     .   A - +0 cloak
rCorr   .          Rampage  +   p - +0 pair of gloves
Will    .....                   w - +0 pair of boots
Stlth   ..........              (no amulet)
HPRegen 0.21/turn               o - +4 ring of protection
MPRegen 0.11/turn               (no ring)

@: no status effects
A: no striking features
a: Renounce Religion, Smiting


You were on level 6 of the Dungeon.
You worshipped Beogh.
Beogh was pleased with you.
You visited 1 branch of the dungeon, and saw 8 of its levels.

You collected 366 gold pieces.
You spent 65 gold pieces at shops.

Inventory:

Hand Weapons
 b - a +2 war axe of flaming (weapon)
 c - a +0 dagger of venom
 j - a +0 morningstar
 u - a +0 rapier of draining
 x - a +0 spear of freezing
Missiles
 r - 2 throwing nets (quivered)
Armour
 m - a +0 leather armour of fire resistance
 n - a +0 kite shield (worn)
 p - a +0 pair of gloves (worn)
 v - the +1 plate armour of Atwuinok (worn) {Rampage Str+4}
   (You found it on level 5 of the Dungeon)

   Str:       It affects your strength (+4).
   Rampage:   It bestows one free step when moving towards enemies.
 w - a +0 pair of boots (worn)
 y - a +0 helmet (worn)
 A - a +0 cloak (worn)
Jewellery
 o - a +4 ring of protection (left hand)
Scrolls
 a - a scroll of fear
 e - a scroll of summoning
 f - 3 scrolls of teleportation
 g - 2 scrolls of fog {unknown}
 k - a scroll of torment {unknown}
 l - a scroll of vulnerability {unknown}
 q - a scroll of acquirement {unknown}
 z - a scroll of enchant armour {unknown}
Potions
 d - a potion of curing
 h - a potion of heal wounds
 i - a potion of degeneration {unknown}
 s - a potion of flight {unknown}
 t - a potion of brilliance {unknown}
 B - a potion of ambrosia {unknown}


   Skills:
 + Level 6.3 Fighting
 + Level 10.0 Axes
 + Level 0.5(5.2) Maces & Flails
 + Level 3.8 Armour
 - Level 2.9 Dodging
 + Level 1.8 Stealth
 + Level 4.4 Shields


You had 7 spell levels left.
You didn't know any spells.
Your spell library contained the following spells:

 Spells                   Type           Power      Damage    Failure   Level
 Beastly Appendage        Tmut           0%         N/A       100%        1
 Wereblood                Tmut           0%         N/A       100%        2
 Spider Form              Tmut/Pois      0%         N/A       100%        3
 Fireball                 Conj/Fire      0%         3d3       100%        5
 Starburst                Conj/Fire      0%         6d3       100%        6
 Ignition                 Fire           0%         3d3       100%        8


Dungeon Overview and Level Annotations

Branches:
Dungeon (8/15)             Temple (0/1) D:6
   Lair: D:8-11

Altars:
Dithmenos
Gozag
Kikubaaqudgha
Okawaru
Sif Muna
Wu Jian
Xom

Shops:
D:1 !   D:6 [

Annotations:
D:4 1 runed translucent door, xoxolimbo's ghost, amateur DsFE
D:7 1 runed translucent door, wpisznazwe's ghost, novice DsGl


Message History

You see here a +0 cloak.
A - a +0 cloak You start putting on your armour.
You continue putting on your +0 cloak. x4
You finish putting on your +0 cloak.
There is an open door here.
You open the door.
There is an open door here.
Found a fuming white potion.
B - a fuming white potion You open the door.
An ugly thing and an ogre come into view.
The white ugly thing gurgles horribly!
Found a bubbling inky potion and a potion of heal wounds.
A hound comes into view.
Your plate armour of Atwuinok prevents you from hitting the hound.
The hound bites you but does no damage. The hound bites you.
You hit the hound. You burn the hound.
The hound is lightly wounded.
You block the hound's attack. The hound bites you but does no damage.
You block the ogre's attack.
Your shield prevents you from hitting the hound.
The hound is lightly wounded.
You hit the ogre. You burn the ogre.
The hound stops to sniff the ground.
The hound bites you but does no damage.
You closely miss the white ugly thing. You hit the ogre. You burn the ogre.
The ogre hits you but does no damage. The white ugly thing headbutts you.
The white ugly thing freezes you!
You hit the white ugly thing but do no damage.
You hit the ogre. You burn the ogre. You block the ogre's attack.
The white ugly thing headbutts you but does no damage.
Your shield prevents you from hitting the white ugly thing.
You hit the ogre. You burn the ogre. The ogre hits you with a +0 giant club.
The white ugly thing barely misses you.
You closely miss the white ugly thing. You barely miss the ogre.
The white ugly thing headbutts you. The white ugly thing freezes you!!
The ogre barely misses you. The white ugly thing headbutts you!
* * * LOW HITPOINT WARNING * * *
The white ugly thing freezes you!!
You die...

......###.....#
......'.......#
......#.##....#
!.... #.###.#.#
.... #####.#.#
..u #.....#.#
## ......#h#.#
.####.#uO.# .
#@### #. #.# #
#.# #.# #.#
###.# #...#
###.### #...#


You could see a white ugly thing, an ogre and a hound.

Vanquished Creatures
  Eustachio (D:4)
  2 water moccasins
  A sky beast (D:5)
  A black bear (D:5)
  A necrophage (D:6)
  A centaur (D:6)
  A phantom (D:4)
  2 scorpions
  A howler monkey (D:5)
  A jelly (D:5)
  2 bullfrog skeletons (D:6)
  3 hounds
  2 iguanas
  2 orc wizards (D:5)
  A howler monkey skeleton (D:5)
  4 gnolls (D:3)
  An adder (D:2)
  A shadow imp (D:6)
  A white imp (D:3)
  An adder zombie (D:5)
  3 worms
  A dart slug (D:3)
  9 orcs
  7 ball pythons
  5 endoplasms
  2 giant cockroaches
  7 goblins
  10 hobgoblins
  6 jackals
  3 kobolds
  2 quokkas (D:1)
  3 bats
  6 frilled lizards
  7 rats
101 creatures vanquished.

Vanquished Creatures (others)
  An orc priest (D:5)
  2 orcs (D:5)
3 creatures vanquished.

Grand Total: 104 creatures vanquished

Notes
Turn   | Place    | Note
-------+----------+-------------------------------------------
     0 | D:1      | GregHouse the Hill Orc Monk began the quest for the Orb.
     0 | D:1      | Reached XP level 1. HP: 19/19 MP: 1/1
   168 | D:1      | Reached XP level 2. HP: 20/27 MP: 2/2
   647 | D:1      | Reached XP level 3. HP: 33/33 MP: 3/3
   748 | D:1      | Found Iphusum's Distillery.
   941 | D:1      | Bought a potion of heal wounds for 65 gold pieces
  1056 | D:1      | Found a faded altar of an unknown god.
  2028 | D:3      | Reached XP level 4. HP: 37/41 MP: 4/4
  2049 | D:3      | Reached skill level 5 in Axes
  2252 | D:4      | Found a shadowy altar of Dithmenos.
  2487 | D:3      | Found an ornate altar of the Wu Jian Council.
  2789 | D:3      | Reached skill level 1 in Armour
  2900 | D:3      | Reached skill level 1 in Shields
  2900 | D:3      | Reached XP level 5. HP: 44/47 MP: 5/5
  3307 | D:4      | Noticed Eustachio
  3444 | D:4      | Found a shimmering altar of Xom.
  3480 | D:4      | Found an ancient bone altar of Kikubaaqudgha.
  3688 | D:4      | Killed Eustachio
  3689 | D:4      | Reached skill level 6 in Axes
  3689 | D:4      | Reached XP level 6. HP: 10/55 MP: 6/6
  4070 | D:5      | Entered Level 5 of the Dungeon
  4203 | D:4      | Reached skill level 5 in Fighting
  4275 | D:4      | Found a runed translucent door.
  4275 | D:4      | Noticed xoxolimbo's ghost (amateur DsFE)
  4298 | D:5      | Identified the +1 plate armour of Atwuinok {Rampage Str+4}
  4556 | D:5      | Reached XP level 7. HP: 61/61 MP: 7/7
  4558 | D:5      | Reached skill level 7 in Axes
  4621 | D:5      | HP: 3/61 [poisoned by an orc]
  4866 | D:5      | Found a shimmering blue altar of Sif Muna.
  4965 | D:5      | Became a worshipper of Beogh the Brigand
  4965 | D:5      | Reached * piety under Beogh
  4965 | D:5      | Reached ** piety under Beogh
  5167 | D:5      | Found an iron altar of Okawaru.
  5187 | D:5      | Noticed a two-headed ogre
  5308 | D:6      | Found a staircase to the Ecumenical Temple.
  5408 | D:5      | Reached skill level 8 in Axes
  5636 | D:6      | Reached XP level 8. HP: 68/70 MP: 8/8
  5818 | D:7      | Reached skill level 9 in Axes
  6020 | D:7      | Found a runed translucent door.
  6020 | D:7      | Noticed wpisznazwe's ghost (novice DsGl)
  6161 | D:6      | Reached skill level 10 in Axes
  6300 | D:6      | Found Siduinn's Antique Armour Boutique.
  6370 | D:6      | Found an opulent altar of Gozag.
  6542 | D:6      | Noticed a white ugly thing
  6558 | D:6      | Demolished by a white ugly thing

Illustrated notes

Levels and vault maps discovered:
D:1:      dpeg_arrival_three_same_balls, layout_rooms,
          hellmonk_ecumenical_altar_arch_garden, serial_shops, shop_fountains
D:2:      layout_rooms, minmay_misc_feat_four_crosses
D:3:      layout_loops_ring, nicolae_wu_jian_wuxing_cycle, minmay_checkerbox
D:4:      layout_rooms, nicolae_dithmenos_the_darkroom,
          mainiacjoe_overflow_two_lobes, ebering_ghost_sewer_d,
          serial_park_tiny_1, grunt_ministairs_11, uniq_eustachio
D:5:      layout_basic, okawaru_trees_2, led_sif_pool, minivault_4
D:6:      minmay_evil_eye, layout_loops_corners, amcnicky_altar_gilded,
          minmay_temple_entry_statues_fountains, serial_shops,
          nicolae_diamond_shop, nicolae_ossuary_entry_plus,
          kennysheep_generic_room_5
D:7:      layout_gridville, mainiacjoe_overflow_24_doors, kennysheep_mini_moat,
          hellmonk_ghost_happy_afterlife, grunt_tough_drop
D:8:      layout_gridville, lemuel_tele_altar, lair_entry_dummy, uniq_maggie

Skill      XL: |  1  2  3  4  5  6  7  8 |
---------------+-------------------------+-----
Fighting       | 4 5 6 |  6.3
Axes           | 5 6 8 10 | 10.0
Armour         | 1 2 3 |  3.8
Shields        | 1 2 3 4 |  4.4
Maces & Flails | |  0.5
Dodging        | |  2.9
Stealth        | |  1.8

Action                   |  1- 3 |  4- 6 |  7- 9 || total
-------------------------+-------+-------+-------++-------
Melee: Hand axe          |   131 |   139 |       ||   270
       Morningstar       |    22 |       |       ||    22
       War axe           |       |    55 |    90 ||   145
Invok: Convert to Beogh  |       |       |     1 ||     1
  Use: Scroll            |       |     4 |       ||     4
       Potion            |       |       |     1 ||     1
Armor: Robe              |    19 |       |       ||    19
       Ring mail         |    30 |     9 |       ||    39
       Chain mail        |       |   154 |       ||   154
       Plate armour      |       |     1 |    72 ||    73
Dodge: Dodged            |   103 |    61 |    20 ||   184
Block: Kite shield       |     2 |   111 |    43 ||   156

Table legend: (Time is in decaauts)
 A = Elapsed time spent in this place.
 B = Non-inter-level travel time spent in this place.
 C = Inter-level travel time spent in this place.
 D = Time resting spent in this place.
 E = Time spent auto-exploring this place.
 F = Levels seen in this place.
 G = Mean time per level.
                   A        B        C        D        E       F      G
               +--------+--------+--------+--------+--------+-----+--------+
         Total |   6700 |   6505 |    195 |   1341 |   1836 |   8 |  837.5 |
       Dungeon |   6700 |   6505 |    195 |   1341 |   1836 |   8 |  837.5 |
               +--------+--------+--------+--------+--------+-----+--------+

Top non-repeatable levels by time:
     D:1: 1217 daAuts
     D:4: 1197 daAuts
     D:3: 1178 daAuts
     D:5: 1157 daAuts
     D:2: 1018 daAuts
     D:6: 687 daAuts
     D:7: 242 daAuts
     D:8: 1 daAuts
